Map: Washout LE

Players

IIIIIIIIIIII

  • Race: Terran Terran
  • League: Grandmaster

Kylekatarn - Winner!

  • Race: Terran Terran

VOD

Have the link to the VOD?

Description

Time

  • Played on: Sept. 23, 2026, 3:39 a.m.
  • Length: 8:30
Show
View Real Time Build Order
Export as new Build Order

IIIIIIIIIIII Terran 

Build Orders: Mech 

Get SALT Encoding   

  8  0:00  SCV  
  9  0:13  SCV  
  10  0:25  SCV  
  10  0:28  Supply Depot  
  11  0:37  SCV  
  12  0:49  SCV  
  13  0:55  Barracks  
  13  1:03  SCV  
  14  1:07  Refinery  
  14  1:15  SCV  
  14  1:17  Refinery  
  15  1:27  SCV  
  16  1:39  SCV  
  17  1:46  Reaper  
  18  1:51  Orbital Command  
  18  1:58  Supply Depot  
  18  2:19  SCV  
  19  2:23  Barracks Reactor  
  19  2:26  Factory  
  19  2:32  SCV  
  20  2:44  SCV  
  21  2:53  Command Center  
  21  2:56  SCV  
  22  3:00  Reaper x2  
  24  3:06  Supply Depot  
  24  3:10  Hellion  
  24  3:11  SCV  
  27  3:25  SCV  
  28  3:32  Starport  
  28  3:33  Hellion  
  30  3:37  Marine x2  
  30  3:39  SCV  
  33  3:51  SCV  
  34  3:56  Factory Tech Lab  
  34  4:03  SCV  
  34  4:06  Orbital Command  
  34  4:07  Command Center  
  34  4:09  Starport Tech Lab  
  35  4:15  SCV  
  36  4:19  Cyclone  
  39  4:27  SCV  
  39  4:29  Raven  
  42  4:32  SCV  
  42  4:37  Interference Matrix  
  43  4:39  SCV  
  43  4:44  SCV  
  45  4:46  Refinery  
  45  4:51  SCV  
  46  4:56  SCV  
  46  4:57  Supply Depot  
  46  4:58  Supply Depot  
  47  5:03  SCV  
  47  5:06  Raven  
  50  5:17  Command Center  
  50  5:19  SCV x2  
  52  5:22  Orbital Command  
  52  5:26  Siege Tank  
  52  5:27  Refinery  
  55  5:31  SCV  
  55  5:35  SCV  
  57  5:43  SCV, Raven  
  57  5:44  Supply Depot x2  
  57  5:48  SCV  
  57  5:49  SCV  
  62  5:55  SCV  
  63  6:00  Factory  
  63  6:01  SCV  
  64  6:08  SCV  
  64  6:09  SCV  
  66  6:12  Siege Tank  
  66  6:13  SCV  
  66  6:16  Orbital Command  
  70  6:20  Factory  
  70  6:21  SCV  
  70  6:25  SCV  
  73  6:32  Orbital Command  
  72  6:33  SCV  
  72  6:34  Viking x2  
  72  6:37  SCV  
  78  6:45  SCV  
  79  6:48  Siege Tank  
  79  6:49  SCV x2  
  79  6:52  Supply Depot  
  84  6:55  Siege Tank  
  84  6:56  Command Center, Supply Depot  
  84  6:57  SCV  
  84  6:58  Supply Depot  
  88  7:01  SCV x2  
  88  7:05  Viking  
  88  7:07  Factory Reactor  
  92  7:09  SCV  
  92  7:10  Engineering Bay  
  92  7:13  SCV x2, Viking  
  97  7:21  SCV  
  98  7:25  Supply Depot, SCV  
  99  7:34  Siege Tank  
  99  7:36  Siege Tank  
  105  7:40  SCV x3  
  105  7:42  Refinery x2  
  108  7:44  Hellion  
  108  7:45  Hellion, Missile Turret  
  93  8:06  Hellion  
  93  8:12  SCV x2  
Show
View Real Time Build Order
Export as new Build Order

Kylekatarn Terran - Winner!

Build Orders: Reaper Expand 

Get SALT Encoding   

  8  0:00  SCV  
  9  0:12  SCV  
  10  0:24  SCV  
  10  0:27  Supply Depot  
  11  0:36  SCV  
  12  0:49  SCV  
  13  0:54  Barracks  
  13  1:01  Refinery  
  13  1:05  SCV  
  14  1:17  SCV  
  15  1:29  SCV  
  16  1:42  Orbital Command  
  16  1:44  Reaper  
  17  2:05  Command Center  
  17  2:09  SCV  
  18  2:17  Marine  
  18  2:29  Factory  
  18  2:30  Supply Depot  
  18  2:34  SCV  
  18  2:35  Marine  
  20  2:44  Refinery  
  20  2:47  SCV  
  21  2:54  Barracks Reactor  
  21  3:01  SCV  
  22  3:14  Hellion  
  22  3:15  SCV  
  22  3:18  Orbital Command  
  25  3:25  Starport  
  25  3:32  Marine x2  
  27  3:34  SCV  
  27  3:37  Orbital Command  
  28  3:42  Factory Tech Lab  
  28  3:47  SCV  
  29  3:52  Marine x2  
  31  3:59  SCV  
  31  4:01  Cyclone, Starport Tech Lab  
  35  4:05  SCV  
  36  4:11  SCV  
  36  4:16  Supply Depot  
  37  4:17  SCV  
  37  4:20  Raven  
  37  4:23  SCV  
  41  4:27  Marine  
  42  4:33  Refinery  
  42  4:38  Marine, SCV, Siege Tank  
  47  4:42  Supply Depot  
  47  4:44  SCV  
  48  4:50  SCV  
  49  4:52  Supply Depot  
  49  4:56  SCV  
  50  5:03  Barracks  
  50  5:04  Starport Reactor  
  50  5:05  SCV  
  51  5:07  Barracks  
  51  5:08  Marine  
  51  5:14  Siege Tank  
  55  5:16  Stimpack  
  55  5:19  SCV  
  55  5:20  SCV  
  56  5:27  Engineering Bay  
  56  5:29  Supply Depot  
  56  5:30  Marine  
  56  5:32  SCV  
  56  5:34  SCV  
  59  5:44  SCV  
  59  5:47  Medivac x2  
  64  5:50  Marine x3  
  64  5:53  Supply Depot  
  64  5:56  Terran Infantry Weapons Level 1  
  67  5:59  SCV  
  68  6:04  Marine  
  68  6:08  Marine x2, Siege Tank  
  74  6:14  Marine, SCV x2  
  74  6:15  Supply Depot  
  77  6:27  SCV  
  77  6:29  Medivac, Marine  
  77  6:30  Marine  
  82  6:34  Supply Depot  
  82  6:36  Marine x2, Medivac  
  82  6:37  SCV  
  82  6:39  Supply Depot  
  87  6:46  Siege Tank  
  90  6:55  Marine x4  
  90  6:57  SCV  
  90  6:58  Supply Depot  
  95  7:02  Supply Depot  
  95  7:08  Medivac  
  97  7:13  Marine x4  
  101  7:26  Medivac  
  103  7:30  Marine  
  103  7:31  Marine x3  
  107  7:37  Command Center  
  107  7:43  SCV x2  
  109  7:48  Marine x3  
  112  7:55  Marine  
  106  8:06  Marine x2  
  106  8:07  Marine  
Tags
 
Composition
Mech
Matchup
TvT
Race
Terran
Add a new tag
Caveats
  • Supply blocks, unpowered buildings, or Contaminate may cause inaccurate times.
  • Supply counts are checked every 10 seconds.